 Dungeon Crawl Stone Soup version 0.31.0-12-g77e489cdc1 (webtiles) character file.

Game seed: 11767473890902514642

135 LowPressure the Poker (level 4, -2/34 HPs)
             Began as a Demonspawn Gladiator on Mar 1, 2024.
             Slain by a gnoll
             ... wielding a +0 flail of holy wrath
              (4 damage)
             ... on level 3 of the Dungeon.
             The game lasted 00:06:06 (1154 turns).

LowPressure the Poker (Demonspawn Gladiator)        Turns: 1154, Time: 00:06:06

Health: -2/34      AC:  8    Str: 14    XL:     4   Next: 96%
Magic:  4/4        EV:  7    Int:  9    God:
Gold:   84         SH:  0    Dex: 16    Spells: 3/3 levels left

rFire   . . .        a - +0 trident
rCold   . . .        (no shield)
rNeg    . . .        k - +0 chain mail
rPois   .            (helmet restricted)
rElec   .            (no cloak)
rCorr   .            (no gloves)
SInv    .            (no boots)
Will    .....        (no amulet) Stlth
                     (no ring)
HPRegen 0.25/turn    (no ring)
MPRegen 0.09/turn

%: no passive effects
@: no status effects
A: horns 1, demonic magic 1
a: no special abilities


You were on level 3 of the Dungeon.
You visited 1 branch of the dungeon, and saw 3 of its levels.

You collected 84 gold pieces.

Inventory:

Hand Weapons
 a - a +0 trident (weapon)
Missiles
 d - 3 throwing nets (quivered)
 e - a javelin
Armour
 b - a +0 leather armour
 c - a +0 helmet
 k - a +0 chain mail (worn)
Talismans
 h - a flux talisman
Wands
 i - a wand of roots (6)
Scrolls
 f - a scroll of identify {unknown}
 j - a scroll of amnesia {unknown}
Potions
 g - a potion of lignification {unknown}
 l - a potion of haste {unknown}


   Skills:
 + Level 2.8 Fighting
 + Level 3.9 Polearms
 + Level 1.8 Throwing
 + Level 1.5 Armour
 + Level 3.1 Dodging
 + Level 0.7 Stealth


You had 3 spell levels left.
You didn't know any spells.
Your spell library contained the following spells:

 Spells                   Type           Power      Damage    Failure   Level
 Kiss of Death            Conj/Necr      0%         2d5       100%        1
 Lesser Beckoning         Tloc           0%         N/A       100%        2
 Confusing Touch          Hex            0%         N/A       100%        3
 Gell's Gravitas          Tloc           0%         N/A       100%        3
 Teleport Other           Tloc           0%         N/A       100%        3
 Dispel Undead            Necr           0%         3d6       100%        4


Dungeon Overview and Level Annotations

Branches:
Dungeon (3/15)

Altars:

Annotations:
D:1 exclusion: 2 downstairs
D:2 Sigmund


Innate Abilities, Weirdness & Mutations

You have a pair of small horns on your head.
Spells you cast may paralyse adjacent enemies.


Message History

The gnoll hits you from afar with a +0 spear.
You reach to attack!
You completely miss the gnoll. The gnoll hits you but does no damage.
You reach to attack!
You puncture the gnoll!
The gnoll is heavily wounded.
The gnoll closely misses you.
You reach to attack!
The gnoll shouts!
You puncture the gnoll!
You kill the gnoll!
You reach to attack!
You hit the gnoll but do no damage.
The gnoll hits you from afar with a +0 spear.
You reach to attack!
You hit the gnoll.
The gnoll is moderately wounded.
The gnoll hits you from afar with a +0 spear.
You reach to attack!
You hit the gnoll but do no damage.
The gnoll is moderately wounded.
The gnoll hits you but does no damage.
You reach to attack!
You closely miss the gnoll.
The gnoll is moderately wounded.
The gnoll barely misses you.
You reach to attack!
You barely miss the gnoll.
The gnoll is moderately wounded.
The gnoll hits you but does no damage.
A gnoll comes into view. It is wielding a +0 flail.
The gnoll hits you from afar with a +0 spear.
You barely miss the gnoll.
The gnoll shouts!
The gnoll hits you with a +0 flail of holy wrath.
You convulse.
The gnoll hits you from afar with a +0 spear.
* * * LOW HITPOINT WARNING * * *
You are too injured to fight recklessly!
You are too injured to fight recklessly!
You hit the gnoll but do no damage. Your headbutt misses the gnoll.
The gnoll barely misses you.
The gnoll hits you with a +0 flail of holy wrath!
* * * LOW HITPOINT WARNING * * *
You convulse.
You die...

#..........#.###### #.#
#.###.#....#.#....# #.#
#####.###.#......#....#####.#
.........>.......+....'...#.#
#####...........##....###...#
#.###.....<..##....####..# .
#............##......##..####g
####.###......[.#####.#..........
................@..g.g)..........
####.###..##..#.#g###.#.###.#..#.
#................#......g......
#.#.##..##.......#..#.###.#....
#.#.##..###+#.#.##..#.# #.#....
#.#.##................# #.#....
#.#.................#####.#....
###.#.####......).........#.####.
..............#..)..........# #.


You could see 3 gnolls.

Vanquished Creatures
  2 bombardier beetles (D:3)
  2 adders
  A gnoll (D:3)
  2 ribbon worms
  A dart slug (D:1)
  An orc (D:3)
  3 endoplasms
  3 giant cockroaches
  A goblin (D:1)
  3 hobgoblins
  4 jackals (D:1)
  6 kobolds
  5 ball pythons
  A bat (D:3)
  3 frilled lizards (D:2)
  4 rats
42 creatures vanquished.

Notes
Turn   | Place    | Note
-------+----------+-------------------------------------------
     0 | D:1      | LowPressure the Demonspawn Gladiator began the quest for
                  | the Orb.
     0 | D:1      | Reached XP level 1. HP: 16/16 MP: 1/1
   115 | D:1      | Gained mutation: You have a pair of small horns on your
                  | head. [demonic ancestry]
   115 | D:1      | Reached XP level 2. HP: 21/22 MP: 2/2
   625 | D:2      | Gained mutation: Spells you cast may paralyse adjacent
                  | enemies. [demonic ancestry]
   625 | D:2      | Reached XP level 3. HP: 24/28 MP: 3/3
   643 | D:2      | Reached skill level 1 in Armour
   671 | D:2      | Noticed Sigmund
   743 | D:3      | Reached XP level 4. HP: 30/34 MP: 4/4
  1154 | D:3      | Slain by a gnoll

Illustrated notes

Levels and vault maps discovered:
D:1:      lightli_arrival_statuegarden, layout_rooms
D:2:      layout_rooms, uniq_terence, uniq_sigmund
D:3:      layout_basic

Skill      XL: |  1  2  3 |
---------------+----------+-----
Dodging        | 3 |  3.1
Polearms       | 3 |  3.9
Armour         | 1 |  1.5
Fighting       | |  2.8
Throwing       | |  1.8
Stealth        | |  0.7

Action                     |  1- 3 |  4- 6 || total
---------------------------+-------+-------++-------
  Melee: Trident           |   106 |    36 ||   142
         Headbutt          |    10 |     3 ||    13
   Stab: Sleeping          |     3 |       ||     3
         Distracted        |       |     1 ||     1
 Armour: Leather armour    |    56 |     4 ||    60
         Chain mail        |       |    31 ||    31
  Dodge: Dodged            |    61 |     9 ||    70
